 Dungeon Crawl Stone Soup version 0.23.1 (webtiles) character file.

Game seed: 15551179612460816814

61451 misha the Impaler (level 15, -7/130 HPs)
             Began as a Merfolk Berserker on Mar 9, 2019.
             Was a High Priest of Trog.
             Killed from afar by a hellion (24 damage)
             ... with damnation
             ... on level 3 of the Abyss.
             The game lasted 01:26:25 (20310 turns).

misha the Impaler (Merfolk Berserker)              Turns: 20310, Time: 01:26:26

Health: -7/130     AC: 36    Str: 22    XL:     15   Next: 3%
Magic:  0/5        EV: 10    Int:  7    God:    Trog [*****.]
Gold:   1237       SH: 19    Dex: 15    Spells: 14/14 levels left

rFire    . . .     SeeInvis .   r - +2 trident (antimagic)
rCold    . . .     Gourm    .   g - +2 shield
rNeg     . . .     Faith    .   F - +27 Lear's hauberk
rPois    .         Spirit   +   (helmet currently unavailable)
rElec    .         Reflect  +   x - scarf {Spirit}
rCorr    +         Harm     .   (gloves currently unavailable)
MR       ++...                  (boots currently unavailable)
Stlth    ..........             o - +3 amulet of reflection
HPRegen  0.31/turn              j - ring of resist corrosion
MPRegen  0.09/turn              T - ring of protection from magic

@: starving
A: change form in water, swift swim, stealthy swim
a: Berserk, Trog's Hand, Brothers in Arms, Renounce Religion


You were on level 3 of the Abyss.
You worshipped Trog.
Trog was extremely pleased with you.
You were starving.

You visited 3 branches of the dungeon, and saw 17 of its levels.
You visited the Abyss 1 time.
You also visited: Sewer.

You collected 1261 gold pieces.
You spent 24 gold pieces at shops.

Inventory:

Hand Weapons
 r - a +2 antimagic trident (weapon)
 H - a +6 antimagic glaive
Missiles
 a - 2 needles of frenzy
 p - 8 javelins
 I - 5 tomahawks of dispersal
 L - 96 sling bullets
 V - 2 throwing nets (quivered)
Armour
 g - a +2 shield (worn)
 n - the +0 shield of the Vanishing Demons {*Drain rCorr Str+7, unknown}
   (You found it on level 1 of the Abyss)

   It affects your strength (+7).
   It provides partial protection from all sources of acid and corrosion.
   It causes draining when unequipped.
 x - a scarf of spirit shield (worn)
 C - a +2 pair of gloves
 F - the +27 Lear's hauberk (worn)
   (You found it on level 6 of the Dungeon)
 U - a +4 scale mail of magic resistance
 X - a +2 helmet
Jewellery
 d - an uncursed ring of fire
 f - an uncursed amulet of the acrobat
 j - a ring of resist corrosion (left hand)
 o - a +3 amulet of reflection (around neck)
 v - an uncursed ring of stealth
 G - an uncursed amulet of guardian spirit
 K - an uncursed ring of protection from cold
 N - a +4 ring of intelligence
 T - a ring of protection from magic (right hand)
Wands
 y - a wand of disintegration (9)
 J - a wand of flame (88)
 Z - a wand of iceblast (23)
Scrolls
 h - 2 scrolls of fear
 l - a scroll of silence
 t - 7 scrolls of remove curse
 u - 2 scrolls of amnesia {unknown}
 w - 3 scrolls of fog
 z - 2 scrolls of enchant armour
 A - 2 scrolls of identify
 E - a scroll of blinking {unknown}
 O - a scroll of brand weapon {unknown}
 Q - a scroll of magic mapping {unknown}
 S - 2 scrolls of enchant weapon
 W - 2 scrolls of immolation
 Y - a scroll of vulnerability {unknown}
Potions
 b - 4 potions of curing
 e - a potion of magic
 i - 3 potions of flight
 k - 5 potions of brilliance
 m - 4 potions of agility
 q - 3 potions of might
 s - a potion of cancellation
 B - a potion of haste
 M - a potion of resistance
 P - a potion of invisibility
Comestibles
 c - 12 rations


   Skills:
 * Level 15.9 Fighting
 - Level 20.0 Polearms
 + Level 2.8 Armour
 + Level 5.0 Dodging
 * Level 14.0 Shields


You had 14 spell levels left.
You didn't know any spells.
Your spell library was empty.

Dungeon Overview and Level Annotations

Branches:
Dungeon (11/15)            Temple (0/1) D:4            Lair (6/6) D:10
  Swamp (0/4) Lair:4       Spider (0/4) Lair:3        Slime (1/5) Lair:6
    Orc: D:9-12

Altars:
Cheibriados
Elyvilon
Nemelex Xobeh
Zin

Shops:
D:4 ?***   D:8 %   D:10 [

Annotations:
D:11 Psyche


Message History

Your troll claws the tormentor but does no damage.
Your troll closely misses the tormentor.
You hit the tormentor.
The tormentor's magic leaks into the air.
The tormentor is heavily wounded.
The tormentor calls on the powers of darkness!
Your troll convulses!
Your body is wracked with pain!
* * * LOW HITPOINT WARNING * * *
Your iron troll convulses!
The tarantella convulses!
The worldbinder calls forth creatures from the Vaults!
Your troll bites the tormentor!
Your troll claws the tormentor but does no damage.
Your troll misses the tormentor. You closely miss the tormentor.
The tormentor is almost dead.
The hellion gestures at you.
The sphere of damnation explodes!
The damnation engulfs you!!
You die...

...#.
#...#.###.# #
#.#.#.####..#
...### . #
.#.#....#.##.#.
.
####......#...#.
.. ##....##...##
.
##....#..#...#.
. .
#.#........#..#
##...#..T....#.
..
#..#.##.@T#####
# #
#.##......2....#
#
#.#.#.#..s.....
####.......#...
...##........
.... .∩2....#.
##.. #.xcp..D.
.## #....#...


You could see a bone dragon, an ironheart preserver, a yaktaur, a worldbinder, a
hellion, a tormentor, a tarantella, a friendly iron troll (berserk) and a
friendly troll (berserk).

Vanquished Creatures
  A lich (Abyss:1)
  A tentacled starspawn (Abyss:1)
  Josephine (D:10)
  A fire dragon (D:10)
  A great orb of eyes (Abyss:1)
  4 hydras
  The ghost of theswoord the Zephyrmancer, a journeyman TeAE of Hepliaklqana (D:10)
  A centaur warrior (D:9)
  A hell hog (Abyss:1)
  A two-headed ogre (D:10)
  A queen ant (D:10)
  Urug (Lair:6)
  A fire crab (Lair:6)
  A shadow wraith (Abyss:1)
  An unseen horror (D:9)
  The ghost of Flogoulo the Poker, a novice DrFi (D:5)
  An orb spider (Lair:3)
  2 ugly things
  8 elephants
  2 manticores
  3 black mambas
  A gargoyle (D:9)
  A centaur skeleton (D:10)
  27 spiny frogs
  A rime drake (Lair:5)
  5 komodo dragons
  3 trolls
  2 large abominations
  11 blink frogs (Lair:6)
  5 tyrant leeches (Lair:6)
  2 raiju (Abyss:1)
  2 bog bodies (Lair:4)
  5 dream sheep (Lair:5)
  10 hippogriffs
  4 slime creatures
  6 flying skulls (Abyss:1)
  Sigmund (D:6)
  6 wraiths
  2 wyverns
  33 yaks
  4 hogs (D:9)
  A human (D:9)
  2 neqoxecs (Abyss:1)
  3 basilisks
  A chaos spawn (Abyss:1)
  5 hungry ghosts
  6 vampire mosquitoes
  2 insubstantial wisps (Abyss:1)
  2 soldier ants (D:11)
  6 porcupines
  18 water moccasins
  4 ice beasts
  3 sky beasts (D:9)
  A necrophage (D:11)
  5 orc warriors
  The ghost of Hylith the Chopper, an amateur HOFi (D:3)
  A black bear (D:10)
  4 phantoms
  A boggart (D:9)
  4 wolves
  6 ogres
  11 crocodiles
  5 centaurs
  3 big kobolds
  29 bullfrogs
  2 small abominations
  A wyvern zombie (D:10)
  Blork the orc (D:5)
  5 scorpions
  5 wights
  3 killer bees (D:8)
  An electric eel (Lair:5)
  8 howler monkeys
  2 crimson imps
  3 centaur zombies
  3 jellies
  9 hounds
  10 orc wizards
  A bullfrog skeleton (D:6)
  5 orc priests
  4 iguanas
  An iron imp (D:8)
  11 worker ants
  7 hell rats (Lair:5)
  A worker ant zombie (D:11)
  7 gnolls
  16 adders
  2 hound simulacra (D:3)
  6 shadow imps
  A white imp (D:3)
  2 worker ant simulacra (D:3)
  3 oozes
  An adder skeleton (D:9)
  A worm (D:5)
  3 dart slugs
  4 leopard geckos
  31 orcs
  4 ball pythons
  8 bats
  6 giant cockroaches
  11 goblins
  2 hobgoblins (D:3)
  23 jackals
  6 quokkas
  A ball python simulacrum (D:3)
  5 frilled lizards
  A jackal simulacrum (D:3)
  A jackal skeleton (D:5)
  27 kobolds
  A quokka zombie (D:5)
  13 rats
  2 plants (D:1)
561 creatures vanquished.

Vanquished Creatures (collateral kills)
  4 thrashing horrors (Abyss:3)
  A wraith (D:10)
  An ice beast (D:10)
  A centaur zombie (D:11)
  4 gnolls (D:10)
  A quokka (D:10)
12 creatures vanquished.

Vanquished Creatures (others)
  48 fungi
  43 plants
  4 starspawn tentacles (Abyss:1)
95 creatures vanquished.

Grand Total: 668 creatures vanquished

Notes
Turn   | Place    | Note
-------+----------+-------------------------------------------
     0 | D:1      | misha the Merfolk Berserker began the quest for the Orb.
     0 | D:1      | Reached XP level 1. HP: 18/18 MP: 1/1
    80 | D:1      | Reached XP level 2. HP: 15/24 MP: 2/2
   336 | D:1      | Reached skill level 5 in Polearms
   516 | D:1      | Reached XP level 3. HP: 29/30 MP: 3/3
   679 | D:1      | Reached ** piety under Trog
  1533 | D:2      | Reached skill level 6 in Polearms
  1605 | D:2      | Reached XP level 4. HP: 37/37 MP: 4/4
  1852 | D:3      | Found a runed translucent gate.
  1853 | D:3      | Found a runed translucent gate.
  1854 | D:3      | Found a runed translucent gate.
  1874 | D:3      | Found a glowing drain.
  1889 | Sewer    | Entered a sewer
  1950 | Sewer    | Noticed a big kobold
  1972 | Sewer    | Killed a big kobold
  1972 | Sewer    | Reached skill level 7 in Polearms
  1972 | Sewer    | Reached XP level 5. HP: 25/43 MP: 5/5
  2229 | Sewer    | Noticed a big kobold
  2261 | Sewer    | Reached *** piety under Trog
  2272 | Sewer    | Killed a big kobold
  2272 | Sewer    | Reached skill level 8 in Polearms
  2272 | Sewer    | Reached XP level 6. HP: 47/50 MP: 6/6
  2537 | D:3      | Reached skill level 5 in Fighting
  2611 | D:3      | Noticed Hylith's ghost (amateur HOFi)
  3317 | D:3      | Reached skill level 9 in Polearms
  3842 | D:3      | Reached XP level 7. HP: 51/56 MP: 7/7
  3892 | D:3      | Killed Hylith's ghost
  3892 | D:3      | Reached skill level 1 in Shields
  4190 | D:4      | Reached **** piety under Trog
  4201 | D:4      | Reached skill level 10 in Polearms
  4244 | D:4      | Found Namek's General Store.
  4296 | D:4      | Found Soom's General Store.
  4307 | D:4      | Bought a scroll of fog for 24 gold pieces
  4405 | D:4      | Found a sparkling altar of Nemelex Xobeh.
  4507 | D:4      | Found Mullap's Magic Scroll Shop.
  4511 | D:4      | Found a staircase to the Ecumenical Temple.
  4514 | D:4      | Found Zin's Purification Station.
  4514 | D:4      | Found a glowing silver altar of Zin.
  4607 | D:4      | Reached XP level 8. HP: 55/64 MP: 8/8
  4980 | D:5      | Entered Level 5 of the Dungeon
  4986 | D:5      | Noticed Blork the orc
  4993 | D:5      | Killed Blork the orc
  5101 | D:5      | Reached skill level 11 in Polearms
  5805 | D:5      | Found a large runed translucent door.
  5805 | D:5      | Found a large runed translucent door.
  5805 | D:5      | Noticed Flogoulo's ghost (novice DrFi)
  6282 | D:5      | Killed Flogoulo's ghost
  6282 | D:5      | Reached skill level 12 in Polearms
  6282 | D:5      | Reached XP level 9. HP: 72/72 MP: 9/9
  6372 | D:6      | Found the +27 Lear's hauberk
  6557 | D:6      | Found a white marble altar of Elyvilon.
  6569 | D:6      | Reached ***** piety under Trog
  6570 | D:6      | Noticed Sigmund
  6590 | D:6      | Killed Sigmund
  6590 | D:6      | Reached skill level 13 in Polearms
  6612 | D:6      | Reached skill level 5 in Shields
  6883 | D:6      | You fall through a shaft for 2 floors!
  6955 | D:8      | Received a gift from Trog
  6957 | D:8      | Reached skill level 14 in Polearms
  6966 | D:8      | Reached XP level 10. HP: 82/82 MP: 10/10
  7019 | D:8      | Found a snail-covered altar of Cheibriados.
  7079 | D:8      | Found Fuariago's Food Shoppe.
  8173 | D:9      | Reached skill level 15 in Polearms
  8188 | D:9      | Found a white marble altar of Elyvilon.
  9176 | D:9      | Reached skill level 16 in Polearms
  9256 | D:9      | Noticed a red ugly thing
  9256 | D:9      | Noticed a gargoyle
  9257 | D:9      | Noticed a centaur warrior
  9277 | D:9      | Killed a red ugly thing
  9277 | D:9      | Reached XP level 11. HP: 90/90 MP: 11/11
  9282 | D:9      | Killed a centaur warrior
  9282 | D:9      | Reached skill level 10 in Fighting
  9347 | D:9      | Killed an unseen horror
  9740 | D:9      | Reached skill level 17 in Polearms
  9959 | D:9      | Got an encrusted hand crossbow
 10122 | D:10     | Entered Level 10 of the Dungeon
 10122 | D:10     | Noticed a two-headed ogre
 10127 | D:10     | Killed a two-headed ogre
 10199 | D:10     | Found Haytitt's Armour Shoppe.
 10200 | D:10     | Noticed Josephine
 10217 | D:10     | Received a gift from Trog
 10232 | D:10     | Killed Josephine
 10640 | D:10     | Noticed theswoord's ghost (journeyman TeAE)
 10641 | D:10     | Noticed a fire dragon
 10647 | D:10     | Found a runed translucent gate.
 10647 | D:10     | Found a runed translucent gate.
 10649 | D:10     | Found a runed translucent gate.
 10806 | D:10     | Found a staircase to the Lair.
 10820 | D:10     | Reached skill level 18 in Polearms
 10964 | D:10     | Reached XP level 12. HP: 95/100 MP: 12/12
 11574 | D:11     | Noticed a queen ant
 11616 | D:10     | Killed a queen ant
 11950 | D:10     | Received a gift from Trog
 12011 | Lair:1   | Entered Level 1 of the Lair of Beasts
 12144 | Lair:1   | Reached skill level 19 in Polearms
 13392 | Lair:3   | Noticed a six-headed hydra
 13413 | Lair:3   | Killed a six-headed hydra
 13550 | Lair:3   | Reached skill level 10 in Shields
 13642 | Lair:3   | Found a hole to the Spider Nest.
 14215 | Lair:4   | Reached skill level 20 in Polearms
 14283 | Lair:4   | Found a staircase to the Swamp.
 14291 | Lair:4   | Reached XP level 13. HP: 108/108 MP: 13/13
 15650 | Lair:6   | Entered Level 6 of the Lair of Beasts
 15938 | Lair:5   | Received a gift from Trog
 17044 | Lair:6   | Reached XP level 14. HP: 120/120 MP: 14/14
 17635 | Lair:6   | Reached skill level 15 in Fighting
 17696 | Lair:6   | Reached ****** piety under Trog
 18061 | Lair:6   | Found a staircase to the Slime Pits.
 18067 | Lair:6   | Noticed Urug
 18096 | Lair:6   | Killed Urug
 18100 | Lair:6   | Received a gift from Trog
 18812 | Slime:1  | Entered Level 1 of the Pits of Slime
 19281 | D:10     | Killed theswoord's ghost
 19602 | D:11     | Noticed Psyche
 19619 | D:11     | Cast into level 1 of the Abyss (Psyche)
 19918 | Abyss:1  | Noticed a lich
 19936 | Abyss:1  | Killed a lich
 20157 | Abyss:1  | Got a translucent shield
 20175 | Abyss:1  | Noticed a tentacled starspawn
 20196 | Abyss:1  | Killed a tentacled starspawn
 20297 | Abyss:3  | Reached XP level 15. HP: 61/130 MP: 5/15
 20299 | Abyss:3  | Reached skill level 5 in Dodging
 20307 | Abyss:3  | Noticed a bone dragon
 20310 | Abyss:3  | Killed from afar by a hellion

Skill      XL: |  1  2  3  4  5  6  7  8  9 10 11 12 13 14 15 |
---------------+----------------------------------------------+-----
Polearms       | 5 6 7 8 9 10 12 14 16 18 20 | 20.0
Fighting       | 4 5 6 7 8 9 11 12 14 15 | 15.9
Shields        | 2 4 5 7 8 10 12 14 | 14.0
Dodging        | 4 5 |  5.0
Armour         | 2 |  2.8

Action                   |  1- 3 |  4- 6 |  7- 9 | 10-12 | 13-15 || total
-------------------------+-------+-------+-------+-------+-------++-------
Melee: Spear             |   213 |   236 |   127 |       |       ||   576
       Tailslap          |       |     9 |       |     1 |    19 ||    29
       Trident           |       |       |   246 |   852 |  1138 ||  2236
Throw: Stone             |       |       |     1 |     1 |       ||     2
       Throwing net      |       |       |       |       |     1 ||     1
Invok: Berserk           |     1 |     2 |     7 |     7 |    12 ||    29
       Brothers in Arms  |       |       |       |     2 |     3 ||     5
Evoke: Phantom mirror    |       |       |       |     1 |       ||     1
  Use: Scroll            |     5 |     1 |     5 |    11 |    15 ||    37
       Potion            |       |       |     1 |     2 |    11 ||    14
 Stab: Sleeping          |     3 |       |       |       |       ||     3
  Eat: Chunk             |     3 |     4 |     8 |    26 |    15 ||    56
       Ration            |       |     1 |     3 |     3 |     5 ||    12
Armor: Animal skin       |    26 |       |       |       |       ||    26
       Leather armour    |       |    21 |       |       |       ||    21
       Chain mail        |       |     2 |   109 |   214 |   373 ||   698
Dodge: Dodged            |    66 |    41 |    51 |   108 |   197 ||   463
Block: Shield            |    18 |    62 |   149 |   328 |   778 ||  1335
       Reflection        |       |       |       |       |     1 ||     1
